 Dungeon Crawl Stone Soup version 0.30-a0-395-gfe72c296f8 (webtiles) character file.

Game seed: 8542516270081272934

58 Depression the Twirler (level 3, -5/21 HPs)
             Began as a Deep Elf Gladiator on Dec 7, 2022.
             Slain by Natasha (8 damage)
             ... on level 2 of the Dungeon.
             The game lasted 00:07:45 (1264 turns).

Depression the Twirler (Deep Elf Gladiator)         Turns: 1264, Time: 00:07:46

Health: -5/21      AC:  3    Str: 11    XL:     3   Next: 75%
Magic:  14/14      EV: 13    Int: 14    God:
Gold:   82         SH:  0    Dex: 16    Spells: 2/2 levels left

rFire   . . .      SeeInvis .    a - +0 quarterstaff
rCold   . . .      Faith    .    (shield currently unavailable)
rNeg    . . .      Spirit   .    k - +0 robe
rPois   .          Reflect  .    c - +0 helmet
rElec   .          Harm     .    (no cloak)
rCorr   .          Rampage  .    (no gloves)
Will    .....                    (no boots)
Stlth   +.........               (no amulet)
HPRegen 0.23/turn                r - ring of magical power {MP+9}
MPRegen 0.14/turn                (no ring)

@: no status effects
A: no striking features
a: no special abilities


You were on level 2 of the Dungeon.
You visited 1 branch of the dungeon, and saw 2 of its levels.

You collected 82 gold pieces.

Inventory:

Hand Weapons
 a - a +0 quarterstaff (weapon)
Missiles
 d - 3 throwing nets
 e - a javelin
 i - 6 boomerangs (quivered)
 s - 4 poisoned darts
Armour
 b - a +0 leather armour
 c - a +0 helmet (worn)
 f - a +0 tower shield
 k - a +0 robe (worn)
Jewellery
 r - a ring of magical power (left hand) {MP+9}
Scrolls
 g - 2 scrolls of acquirement {unknown}
 h - a scroll of noise {unknown}
 j - 3 scrolls of amnesia {unknown}
 m - 3 scrolls of summoning {unknown}
 o - a scroll of immolation {unknown}
 p - a scroll of enchant armour {unknown}
 q - a scroll of teleportation {unknown}
Potions
 l - a potion of berserk rage {unknown}
 n - a potion of curing {unknown}


   Skills:
 - Level 2.0 Fighting
 + Level 4.3 Staves
 - Level 2.0 Throwing
 - Level 4.0 Dodging


You had 2 spell levels left.
You didn't know any spells.
Your spell library was empty.

Dungeon Overview and Level Annotations

Branches:
Dungeon (2/15) Zot: 10725

Altars:
Cheibriados
Wu Jian

Annotations:
D:2 1 runed translucent door, 1 exclusion, Natasha, Terence


Message History

You see here a +0 sling.
The goblin closely misses you. The goblin attacks as you move away!
The goblin closely misses you.
You closely miss the goblin. The goblin hits you with a +0 dagger.
You hit the goblin.
You kill the goblin!
Things that are here:
a +0 dagger; a goblin corpse You now have 82 gold pieces (gained 8).
s - a poisoned dart You see here a poisoned dart.
s - 2 poisoned darts (gained 1)
s - 3 poisoned darts (gained 1)
s - 4 poisoned darts (gained 1) Natasha hisses angrily.
Natasha closely misses you.
You sock Natasha!
Natasha is heavily wounded.
Natasha claws you.
You hit Natasha but do no damage.
Natasha is heavily wounded.
Natasha closely misses you.
You closely miss Natasha.
Natasha is heavily wounded.
Natasha claws you but does no damage.
You hit Natasha.
Natasha is severely wounded.
Natasha claws you!
You closely miss Natasha.
Natasha is severely wounded.
Natasha hisses.
Natasha casts a spell.
You hit Natasha.
Natasha is almost dead.
Natasha claws you!
* * * LOW HITPOINT WARNING * * *
You hit Natasha.
Natasha is almost dead.
Natasha claws you!
You die...

#.....# #.####... ##### #.....#
#..###... #...# #.....# #........
#####...# ####.....# #..#.....
#.#.#...#####........####..###.#.
.....)..#.....##.#####...........
#.#.#.###.#.#.##.#####.##.......#
............#...÷......##........
#.#.#.###.###..5@####............
....(.# #.# #..h...##(.#....#....
#.#.#.###.####...#.##............
........5....#####.#............#
........5h.......)....>#.........
......†.(....######....#.........
##.######....######..............
##.######......#<................
#............#..#####..#.........


You could see Natasha and a shadow imp (summoned).

Vanquished Creatures
  Natasha (D:2)
  A worm (D:2)
  A dart slug (D:2)
  3 endoplasms
  2 giant cockroaches (D:1)
  3 hobgoblins
  2 quokkas (D:1)
  2 bats
  3 goblins
  6 kobolds
  4 rats
28 creatures vanquished.

Notes
Turn   | Place    | Note
-------+----------+-------------------------------------------
     0 | D:1      | Depression the Deep Elf Gladiator began the quest for the
                  | Orb.
     0 | D:1      | Reached XP level 1. HP: 12/12 MP: 3/3
   365 | D:1      | Reached XP level 2. HP: 17/17 MP: 4/4
   370 | D:1      | Found an ornate altar of the Wu Jian Council.
   514 | D:1      | Reached skill level 4 in Dodging
   677 | D:1      | You fall into a shaft and drop 1 floor!
   685 | D:2      | Reached skill level 2 in Fighting
   714 | D:2      | Found a runed translucent door.
   738 | D:2      | Noticed Terence
   768 | D:2      | Found a snail-covered altar of Cheibriados.
   873 | D:2      | Noticed Natasha
   877 | D:2      | HP: 3/16 [Natasha (6)]
   879 | D:2      | Killed Natasha
   880 | D:2      | Reached skill level 4 in Staves
   880 | D:2      | Reached XP level 3. HP: 5/21 MP: 5/5
   981 | D:2      | Noticed Natasha
  1263 | D:2      | HP: 3/21 [Natasha (7)]
  1264 | D:2      | Slain by Natasha

Illustrated notes

Levels and vault maps discovered:
D:1:      ncdulo_halloftheorcs, layout_loops_corners, st_stairs_13,
          minmay_hexomino_r4
D:2:      layout_basic, basic_altar, st_stairs_12, uniq_crazy_yiuf_cottage,
          uniq_terence, uniq_natasha

Skill      XL: |  1  2 |
---------------+-------+-----
Dodging        | 4 |  4.0
Fighting       | 2 |  2.0
Staves         | 4 |  4.3
Throwing       | |  2.0

Action                   || total
-------------------------++-------
Melee: Quarterstaff      ||    65
Throw: Dart              ||     4
 Stab: Sleeping          ||     2
Armor: Robe              ||    10
       Leather armour    ||     1
Dodge: Dodged            ||    37

Table legend: (Time is in decaauts)
 A = Elapsed time spent in this place.
 B = Non-inter-level travel time spent in this place.
 C = Inter-level travel time spent in this place.
 D = Time resting spent in this place.
 E = Time spent auto-exploring this place.
 F = Levels seen in this place.
 G = Mean time per level.
                   A        B        C        D        E       F      G
               +--------+--------+--------+--------+--------+-----+--------+
         Total |   1273 |   1257 |     16 |    105 |    242 |   2 |  636.5 |
       Dungeon |   1273 |   1257 |     16 |    105 |    242 |   2 |  636.5 |
               +--------+--------+--------+--------+--------+-----+--------+

Top non-repeatable levels by time:
     D:1: 806 daAuts
     D:2: 466 daAuts
